TOP OF THE 1ST |
Burlington Bees batting - Pitching for Wausau Timbers : RHP Mario Duran
|
Pitching: RHP Mario Duran
|
|
Batting: LHB Herm Winningham
|
0-0: Ball 1-0: Fly out, F5 (Popup, 25F, EV 84.4 MPH)
|
Batting: LHB Brian Devalk
|
0-0: Called Strike 0-1: Foul Ball, location: 2F 0-2: Ball 1-2: Ball 2-2: Ball 3-2: Base on Balls
|
Batting: RHB Javier Ortiz
|
0-0: Ball 1-0: Swinging Strike 1-1: Fielders Choice at 2nd, 1-4 (Groundball, P, EV 68.8 MPH)
|
Batting: RHB Steve Buechele
|
0-0: Ball Javier Ortiz steals 2nd base 1-0: Called Strike 1-1: Ball Passed Ball! Javier Ortiz to third 2-1: Ball 3-1: Base on Balls
|
Batting: RHB Bob Glendening
|
0-0: Swinging Strike 0-1: Ball 1-1: Ball 2-1: Foul Ball, location: 2F 2-2: Ball 3-2: Strikes out swinging
|
Top of the 1st over - 0 runs, 0 hits, 0 errors, 2 left on base; Burlington 0 - Wausau 0 |
BOTTOM OF THE 1ST |
Wausau Timbers batting - Pitching for Burlington Bees : RHP Steven Gibson
|
Pitching: RHP Steven Gibson
|
|
Batting: SHB Herman Lewis
|
0-0: Swinging Strike 0-1: Ball 1-1: Foul Ball, location: 2F 1-2: Strikes out looking
|
Batting: LHB Rodney Nealeigh
|
0-0: Ball 1-0: SINGLE (Line Drive, 4M, EV 94.4 MPH)
|
Batting: RHB Rich Renteria
|
0-0: Swinging Strike 0-1: Foul Ball, location: 2F 0-2: Ball 1-2: Strikes out swinging
|
Batting: LHB Tom M Foley
|
0-0: Ball 1-0: Foul Ball, location: 2F 1-1: Ball 2-1: Foul Ball, location: 2F 2-2: Ball 3-2: Foul Ball, location: 2F 3-2: Foul Ball, location: 2F 3-2: Foul Ball, location: 2F 3-2: Foul Ball, location: 2F 3-2: Base on Balls Rodney Nealeigh to second
|
Batting: RHB Douglas Davis
|
0-0: Ball 1-0: Swinging Strike 1-1: Foul Ball, location: 2F 1-2: Ball 2-2: Ball 3-2: Base on Balls Rodney Nealeigh to third Tom M Foley to second
|
Batting: RHB John Pignotti
|
0-0: Called Strike 0-1: Reached on error, E6 (Groundball, 6, EV 84.4 MPH) Rodney Nealeigh scores Tom M Foley to third Douglas Davis to second
|
Batting: RHB Larry Marsh
|
0-0: Ball 1-0: Foul Ball, location: 2F 1-1: Called Strike 1-2: Foul Ball, location: 2F 1-2: Ball 2-2: Strikes out looking
|
Bottom of the 1st over - 1 run, 1 hit, 1 error, 3 left on base; Burlington 0 - Wausau 1 |
TOP OF THE 2ND |
Burlington Bees batting - Pitching for Wausau Timbers : RHP Mario Duran
|
Batting: LHB Frank Hardy
|
0-0: Swinging Strike 0-1: Fly out, F7 (Flyball, 78M, EV 93.8 MPH)
|
Batting: RHB Mike Quade
|
0-0: Called Strike 0-1: Called Strike 0-2: Ball 1-2: Ball 2-2: Fly out, F8 (Flyball, 8LD, EV 96.9 MPH)
|
Batting: RHB Mike Morse
|
0-0: Swinging Strike 0-1: Ball 1-1: Foul Ball, location: 2F 1-2: SINGLE (Groundball, 6MD, EV 106.3 MPH)
|
Batting: RHB Bob Hicks
|
0-0: Ball 1-0: Ground out 5-3 (Groundball, 56S, EV 91.3 MPH)
|
Top of the 2nd over - 0 runs, 1 hit, 0 errors, 1 left on base; Burlington 0 - Wausau 1 |
BOTTOM OF THE 2ND |
Wausau Timbers batting - Pitching for Burlington Bees : RHP Steven Gibson
|
Batting: RHB Isaac Seoanee
|
0-0: Called Strike 0-1: Fly out, F9 (Flyball, 9D, EV 103.8 MPH)
|
Batting: SHB Harry Mauch
|
0-0: Called Strike 0-1: Called Strike 0-2: Ball 1-2: Foul Ball, location: 2F 1-2: Ball 2-2: Strikes out looking
|
Batting: SHB Herman Lewis
|
0-0: Called Strike 0-1: Fly out, F8 (Flyball, 78D, EV 88.8 MPH)
|
Bottom of the 2nd over - 0 runs, 0 hits, 0 errors, 0 left on base; Burlington 0 - Wausau 1 |
TOP OF THE 3RD |
Burlington Bees batting - Pitching for Wausau Timbers : RHP Mario Duran
|
Batting: LHB Herm Winningham
|
0-0: Called Strike 0-1: Ball 1-1: Swinging Strike 1-2: Foul Ball, location: 2F 1-2: Ball 2-2: Foul Ball, location: 2F 2-2: SINGLE (Line Drive, 7S, EV 106.9 MPH)
|
Batting: LHB Brian Devalk
|
0-0: Ball 1-0: Ball 2-0: Ball 3-0: Called Strike 3-1: Fly out, F9 (Flyball, 89D, EV 81.3 MPH)
|
Batting: RHB Javier Ortiz
|
0-0: Called Strike 0-1: Ball 1-1: Fielders Choice at 2nd, 1-4 (Groundball, 15S, EV 71.3 MPH)
|
Batting: RHB Steve Buechele
|
0-0: Ball 1-0: Swinging Strike 1-1: Ball 2-1: Ball 3-1: Foul Ball, location: 2F 3-2: Ground out 4-3 (Groundball, 4, EV 76.9 MPH)
|
Top of the 3rd over - 0 runs, 1 hit, 0 errors, 1 left on base; Burlington 0 - Wausau 1 |
BOTTOM OF THE 3RD |
Wausau Timbers batting - Pitching for Burlington Bees : RHP Steven Gibson
|
Batting: LHB Rodney Nealeigh
|
0-0: Called Strike 0-1: Ball 1-1: Swinging Strike 1-2: Foul Ball, location: 2F 1-2: Strikes out swinging
|
Batting: RHB Rich Renteria
|
0-0: Ball 1-0: Called Strike 1-1: Foul Ball, location: 2F 1-2: SINGLE (Line Drive, 89S, EV 106.3 MPH)
|
Batting: LHB Tom M Foley
|
0-0: Ball 1-0: Foul Ball, location: 2F 1-1: Fly out, F8 (Flyball, 8LS, EV 83.8 MPH)
|
Batting: RHB Douglas Davis
|
0-0: Ball 1-0: Ball 2-0: Fielders Choice at 2nd, 5-4 (Groundball, 56, EV 82.5 MPH)
|
Bottom of the 3rd over - 0 runs, 1 hit, 0 errors, 1 left on base; Burlington 0 - Wausau 1 |
TOP OF THE 4TH |
Burlington Bees batting - Pitching for Wausau Timbers : RHP Mario Duran
|
Batting: RHB Bob Glendening
|
0-0: SINGLE (Groundball, 25, EV 70.6 MPH) (infield hit)
|
Batting: LHB Frank Hardy
|
0-0: Foul Ball, location: 2F 0-1: Ball 1-1: Swinging Strike 1-2: Grounds into double play, 4-6-3 (Groundball, 4, EV 78.1 MPH)
|
Batting: RHB Mike Quade
|
0-0: Ball 1-0: Ball 2-0: Called Strike 2-1: Ball 3-1: Reached on error, E3 (Line Drive, 3, EV 71.3 MPH)
|
Batting: RHB Mike Morse
|
0-0: Swinging Strike 0-1: Called Strike 0-2: Ball 1-2: Strikes out swinging
|
Top of the 4th over - 0 runs, 1 hit, 1 error, 1 left on base; Burlington 0 - Wausau 1 |
BOTTOM OF THE 4TH |
Wausau Timbers batting - Pitching for Burlington Bees : RHP Steven Gibson
|
Batting: RHB John Pignotti
|
0-0: Foul Ball, location: 2F 0-1: SINGLE (Groundball, 6MD, EV 108.8 MPH)
|
Batting: RHB Larry Marsh
|
0-0: Ball 1-0: Ball 2-0: Fielders Choice at 2nd, 5-4 (Groundball, 5, EV 104.4 MPH)
|
Batting: RHB Isaac Seoanee
|
0-0: Foul Ball, location: 2F 0-1: Grounds into double play, 4-6-3 (Groundball, 4M, EV 85.6 MPH)
|
Bottom of the 4th over - 0 runs, 1 hit, 0 errors, 0 left on base; Burlington 0 - Wausau 1 |
TOP OF THE 5TH |
Burlington Bees batting - Pitching for Wausau Timbers : RHP Mario Duran
|
Batting: RHB Bob Hicks
|
0-0: Foul Ball, location: 2F 0-1: Ball 1-1: SINGLE (Line Drive, 6D, EV 99.4 MPH)
|
Batting: LHB Herm Winningham
|
0-0: Ball 1-0: Called Strike 1-1: Grounds into double play, 4-6-3 (Groundball, 4, EV 90.6 MPH)
|
Batting: LHB Brian Devalk
|
0-0: Called Strike 0-1: Foul Ball, location: 2F 0-2: Ball 1-2: Foul Ball, location: 2F 1-2: Strikes out swinging
|
Top of the 5th over - 0 runs, 1 hit, 0 errors, 0 left on base; Burlington 0 - Wausau 1 |
BOTTOM OF THE 5TH |
Wausau Timbers batting - Pitching for Burlington Bees : RHP Steven Gibson
|
Batting: SHB Harry Mauch
|
0-0: Ball 1-0: Called Strike 1-1: Ball 2-1: Ball 3-1: Base on Balls
|
Batting: SHB Herman Lewis
|
0-0: Called Strike 0-1: Called Strike 0-2: Ball 1-2: Ball Wild Pitch! Harry Mauch to second 2-2: SINGLE (Groundball, 56S, EV 69.4 MPH) (infield hit) Harry Mauch to third
|
Batting: LHB Rodney Nealeigh
|
0-0: Swinging Strike 0-1: Foul Ball, location: 2F 0-2: Ball 1-2: Ball 2-2: Ball 3-2: Fielders Choice at 2nd, 6-4 (Groundball, 6, EV 84.4 MPH) Harry Mauch scores
|
Batting: RHB Rich Renteria
|
0-0: Called Strike 0-1: Called Strike 0-2: Ball Rodney Nealeigh steals 2nd base 1-2: Fly out, F4 (Popup, 34S, EV 84.4 MPH)
|
Batting: LHB Tom M Foley
|
0-0: Ground out 1-3 (Groundball, 13, EV 63.1 MPH)
|
Bottom of the 5th over - 1 run, 1 hit, 0 errors, 1 left on base; Burlington 0 - Wausau 2 |
TOP OF THE 6TH |
Burlington Bees batting - Pitching for Wausau Timbers : RHP Mario Duran
|
Batting: RHB Javier Ortiz
|
0-0: Called Strike 0-1: Called Strike 0-2: Ball 1-2: Ball 2-2: Ball 3-2: Foul Ball, location: 2F 3-2: Ground out 6-3 (Groundball, 6S, EV 63.8 MPH)
|
Batting: RHB Steve Buechele
|
0-0: Ball 1-0: Swinging Strike 1-1: Swinging Strike 1-2: Ball 2-2: Foul Ball, location: 2F 2-2: Ball 3-2: SINGLE (Groundball, 56D, EV 98.1 MPH)
|
Batting: RHB Bob Glendening
|
0-0: Called Strike 0-1: Ball 1-1: Called Strike 1-2: Ball 2-2: SINGLE (Groundball, 23, EV 70.6 MPH) (infield hit) Steve Buechele to second
|
Batting: LHB Frank Hardy
|
0-0: Ball 1-0: Foul Ball, location: 2F 1-1: Ball 2-1: Foul Ball, location: 2F 2-2: Ground out 6-3 (Groundball, 6S, EV 66.3 MPH) Steve Buechele to third Bob Glendening to second
|
Batting: RHB Mike Quade
|
0-0: Called Strike 0-1: DOUBLE (Line Drive, 7LS, EV 95.0 MPH) Steve Buechele scores Bob Glendening scores
|
Batting: RHB Mike Morse
|
0-0: Ground out 4-3 (Groundball, 4MS, EV 78.8 MPH)
|
Top of the 6th over - 2 runs, 3 hits, 0 errors, 1 left on base; Burlington 2 - Wausau 2 |
BOTTOM OF THE 6TH |
Wausau Timbers batting - Pitching for Burlington Bees : RHP Steven Gibson
|
Batting: RHB Douglas Davis
|
0-0: Ground out 5-3 (Groundball, 5, EV 105.0 MPH)
|
Batting: RHB John Pignotti
|
0-0: Ball 1-0: Ball 2-0: Called Strike 2-1: SOLO HOME RUN (Line Drive, 89XD, EV 103.1 MPH), Distance : 404 ft
|
Batting: RHB Larry Marsh
|
0-0: Fly out, F8 (Flyball, 8LS, EV 86.3 MPH)
|
Batting: RHB Isaac Seoanee
|
0-0: Called Strike 0-1: Ball 1-1: Ball 2-1: Foul Ball, location: 2F 2-2: Fly out, F8 (Flyball, 8LD, EV 87.5 MPH)
|
Bottom of the 6th over - 1 run, 1 hit, 0 errors, 0 left on base; Burlington 2 - Wausau 3 |
TOP OF THE 7TH |
Burlington Bees batting - Pitching for Wausau Timbers : RHP Mario Duran
|
Batting: RHB Bob Hicks
|
0-0: Ball 1-0: Called Strike 1-1: DOUBLE (Flyball, 8RXD, EV 108.8 MPH)
|
Pitching: RHP Jean Marquis
|
|
Batting: LHB Herm Winningham
|
0-0: Swinging Strike 0-1: Called Strike 0-2: Strikes out swinging
|
Batting: LHB Brian Devalk
|
0-0: Called Strike 0-1: Ball 1-1: Fly out, F8 (Flyball, 8LD, EV 96.9 MPH)
|
Batting: RHB Javier Ortiz
|
0-0: SINGLE (Groundball, 34D, EV 98.8 MPH) Bob Hicks to third Runner from 3rd tries for Home, SAFE, throw by RF to home
|
Batting: RHB Steve Buechele
|
0-0: Ball 1-0: Foul Ball, location: 2F 1-1: DOUBLE (Line Drive, 9LS, EV 111.3 MPH) Javier Ortiz to third Runner from 3rd tries for Home, SAFE, throw by RF to home
|
Batting: RHB Bob Glendening
|
0-0: Ball 1-0: Swinging Strike 1-1: Ball 2-1: Foul Ball, location: 2F 2-2: Ball 3-2: Fly out, F4 (Popup, 4MD, EV 66.3 MPH)
|
Top of the 7th over - 2 runs, 3 hits, 0 errors, 1 left on base; Burlington 4 - Wausau 3 |
BOTTOM OF THE 7TH |
Wausau Timbers batting - Pitching for Burlington Bees : RHP Steven Gibson
|
Batting: SHB Harry Mauch
|
0-0: Ball 1-0: Ground out 4-3 (Groundball, 4S, EV 66.9 MPH)
|
Batting: SHB Herman Lewis
|
0-0: Called Strike 0-1: Foul Ball, location: 2F 0-2: Ball 1-2: Ball 2-2: SINGLE (Line Drive, 9S, EV 103.1 MPH)
|
Batting: LHB Rodney Nealeigh
|
0-0: Swinging Strike 0-1: Ball 1-1: Fielders Choice at 2nd, 6-4 (Groundball, 56, EV 106.3 MPH)
|
Batting: RHB Rich Renteria
|
0-0: Fielders Choice at 2nd, 6-4 (Groundball, 6, EV 83.1 MPH)
|
Bottom of the 7th over - 0 runs, 1 hit, 0 errors, 1 left on base; Burlington 4 - Wausau 3 |
TOP OF THE 8TH |
Burlington Bees batting - Pitching for Wausau Timbers : RHP Jean Marquis
|
Batting: LHB Frank Hardy
|
0-0: Ground out 6-3 (Groundball, 6, EV 77.5 MPH)
|
Batting: RHB Mike Quade
|
0-0: Swinging Strike 0-1: Ground out 3-1 (Groundball, 34S, EV 80.6 MPH)
|
Batting: RHB Mike Morse
|
0-0: Ball 1-0: Foul Ball, location: 2F 1-1: Called Strike 1-2: Ball 2-2: Ball 3-2: Fly out, F5 (Popup, 25, EV 85.0 MPH)
|
Top of the 8th over - 0 runs, 0 hits, 0 errors, 0 left on base; Burlington 4 - Wausau 3 |
BOTTOM OF THE 8TH |
Wausau Timbers batting - Pitching for Burlington Bees : RHP Steven Gibson
|
Batting: LHB Tom M Foley
|
0-0: Swinging Strike 0-1: Ball 1-1: Ball 2-1: Ball 3-1: Swinging Strike 3-2: Foul Ball, location: 2F 3-2: Foul Ball, location: 2F 3-2: Strikes out swinging
|
Batting: RHB Douglas Davis
|
0-0: Called Strike 0-1: Ground out 2-3 (Groundball, 15S, EV 65.0 MPH)
|
Batting: RHB John Pignotti
|
0-0: Ball 1-0: Foul Ball, location: 2F 1-1: Ball 2-1: Fly out, F8 (Flyball, 8LD, EV 93.8 MPH)
|
Bottom of the 8th over - 0 runs, 0 hits, 0 errors, 0 left on base; Burlington 4 - Wausau 3 |
TOP OF THE 9TH |
Burlington Bees batting - Pitching for Wausau Timbers : RHP Jean Marquis
|
Batting: RHB Bob Hicks
|
0-0: Ball 1-0: Ball 2-0: Ball 3-0: Called Strike 3-1: Foul Ball, location: 2F 3-2: Base on Balls
|
Pitching: RHP Alan Holbrook
|
|
Batting: LHB Herm Winningham
|
0-0: Ball 1-0: Ball 2-0: Called Strike 2-1: Fly out, F7 (Flyball, 78S, EV 90.0 MPH)
|
Batting: LHB Brian Devalk
|
0-0: SINGLE (Groundball, 6M, EV 105.6 MPH) (infield hit) Bob Hicks to second
|
Batting: RHB Javier Ortiz
|
0-0: Ball 1-0: Swinging Strike 1-1: Fly out, F9 (Flyball, 9LS, EV 78.8 MPH)
|
Batting: RHB Steve Buechele
|
0-0: Ball 1-0: Swinging Strike 1-1: Ball 2-1: Ball 3-1: Base on Balls Bob Hicks to third Brian Devalk to second
|
Batting: RHB Bob Glendening
|
0-0: Foul Ball, location: 2F 0-1: Foul Ball, location: 2F 0-2: Ball 1-2: Fly out, F9 (Flyball, 9LD, EV 101.9 MPH)
|
Top of the 9th over - 0 runs, 1 hit, 0 errors, 3 left on base; Burlington 4 - Wausau 3 |
BOTTOM OF THE 9TH |
Wausau Timbers batting - Pitching for Burlington Bees : RHP Steven Gibson
|
Pitching: RHP Roland Dickerson
|
|
Now in LF: Thomas Echstenkamper
|
|
Pinch Hitting: SHB James Flores
|
0-0: Called Strike 0-1: Called Strike 0-2: Ground out U3 (Groundball, 3L, EV 103.8 MPH)
|
Batting: LHB Ricky Seilheimer
|
0-0: Ground out 4-3 (Groundball, 4, EV 86.3 MPH)
|
Pinch Hitting: RHB Kevin McDaniel
|
0-0: Called Strike 0-1: Fly out, F4 (Popup, 13S, EV 86.9 MPH)
|
Bottom of the 9th over - 0 runs, 0 hits, 0 errors, 0 left on base; Burlington 4 - Wausau 3 |
|